 Dungeon Crawl Stone Soup version 0.28.0 (webtiles) character file.

Game seed: 10851896837394809355

239 pkoi the Gusty (level 5, -9/38 HPs)
             Began as a Draconian Air Elementalist on Feb 16, 2022.
             Mangled by a wight (15 damage)
             ... on level 3 of the Dungeon.
             The game lasted 00:04:32 (4061 turns).

pkoi the Gusty (Draconian Air Elementalist)         Turns: 4061, Time: 00:04:32

Health: -9/38      AC:  5    Str: 11    XL:     5   Next: 79%
Magic:  3/9        EV: 12    Int: 17    God:
Gold:   119        SH:  0    Dex: 11    Spells: 2/10 levels left

rFire   . . .      SeeInvis .   k - +3 dagger (speed)
rCold   . . .      Faith    .   (no shield)
rNeg    . . .      Spirit   .   (armour unavailable)
rPois   .          Reflect  .   (helmet restricted)
rElec   .          Harm     .   i - scarf {shadows}
rCorr   .          Rampage  .   (no gloves)
Will    .....                   (no boots)
Stlth   ++........              (no amulet)
HPRegen 0.12/turn               (no ring)
MPRegen 0.11/turn               (no ring)

@: no status effects
A: AC +5, unfitting armour, cold-blooded
a: no special abilities


You were on level 3 of the Dungeon.
You visited 1 branch of the dungeon, and saw 3 of its levels.

You collected 119 gold pieces.

Inventory:

Hand Weapons
 d - a +0 whip
 k - a +3 dagger of speed (weapon)
Armour
 i - a scarf of shadows (worn)
Scrolls
 a - 4 scrolls of identify {unknown}
 b - a scroll of fear {unknown}
 e - a scroll of amnesia {unknown}
 h - a scroll of enchant armour {unknown}
Potions
 c - a potion of heal wounds
 f - 2 potions of attraction {unknown}
 g - a potion of curing {unknown}
 j - 2 potions of haste {unknown}
 l - a potion of mutation {unknown}


   Skills:
 - Level 1.7 Dodging
 - Level 1.7 Stealth
 - Level 0.5 Unarmed Combat
 - Level 3.0 Spellcasting
 - Level 2.0 Conjurations
 + Level 5.7 Air Magic


You had 2 spell levels left.
You knew the following spells:

 Your Spells              Type           Power      Damage    Failure   Level
a - Shock                 Conj/Air       60%        1d6       3%          1
b - Airstrike             Air            10%        N/A       17%         4
c - Swiftness             Air            21%        N/A       4%          3

Your spell library contained the following spells:

 Spells                   Type           Power      Damage    Failure   Level
 Static Discharge         Conj/Air       15%        N/A       5%          2
 Blade Hands              Tmut           1%         N/A       99%         5
 Iron Shot                Conj/Erth      2%         9d2       100%        6
 Animate Armour           Summ/Erth      Unusable   N/A       N/A         4

Dungeon Overview and Level Annotations

Branches:
Dungeon (3/15)

Altars:


Innate Abilities, Weirdness & Mutations

Your plain brown scales are hard. (AC +5)
You cannot fit into any form of body armour.
You are cold-blooded and may be slowed by cold attacks.


Message History

Something unseen opens the door.
Okay, then.
Okay, then.
Search for what [Enter for "scarf", or ? for help]? armor Unknown command.
Aiming: Shock (safe; 4% risk of failure)
Press: ? - help, Q - select action, (/) - cycle Shift-Dir - straight line, f - ogre
Aim: an ogre, wielding a +0 giant spiked club (moderately wounded, 86% to hit)
Okay, then.
Aiming: Shock (safe; 4% risk of failure)
Press: ? - help, Q - select action, (/) - cycle Shift-Dir - straight line The zap hits the ogre.
The ogre is heavily wounded.
The zap misses the ogre.
The ogre misses you.
Aiming: Shock (safe; 4% risk of failure)
Press: ? - help, Q - select action, (/) - cycle Shift-Dir - straight line The zap hits the ogre.
The ogre is severely wounded.
The zap hits the ogre.
The ogre is almost dead.
The zap hits the wight but does no damage.
The ogre hits you with a +0 giant spiked club!!
Ouch! That really hurt!
* * * LOW HITPOINT WARNING * * *
Unknown command.
Aiming: Shock (safe; 4% risk of failure)
Press: ? - help, Q - select action, (/) - cycle Shift-Dir - straight line The zap hits the ogre.
You kill the ogre!
The zap hits the wight but does no damage.
Your Air Magic skill increases to level 5!
Aiming: Shock (safe; 3% risk of failure)
Press: ? - help, Q - select action, (/) - cycle Shift-Dir - straight line The zap hits the wight.
The wight is lightly damaged.
The zap hits the wight.
The wight is moderately damaged.
The wight hits you with a +4 long sword!
You die...

#.......########
#.####.........#
#.#.....######.#
#.......######.###
#................#
#.......###....#.
#####[#.....##.....#
#..†z.##...........#
#.###@......####†###
#'# #####'### #.#
#⌠.⌠# ### #.# ##..O#
#.###'## ##..h.
#.##>..## #..zz
#.#.....## #⌠.⌠#
#........##
####.###.........#
..............+


You could see a wight.

Vanquished Creatures
  An ogre (D:3)
  8 adders
  A worm (D:3)
  3 orcs (D:2)
  6 bats
  7 endoplasms
  3 giant cockroaches
  10 goblins
  7 hobgoblins
  4 jackals (D:3)
  2 quokkas (D:3)
  6 ball pythons
  5 frilled lizards
  4 kobolds (D:2)
  6 rats
73 creatures vanquished.

Notes
Turn   | Place    | Note
-------+----------+-------------------------------------------
     0 | D:1      | pkoi the Draconian Air Elementalist began the quest for the
                  | Orb.
     0 | D:1      | Reached XP level 1. HP: 14/14 MP: 3/3
   174 | D:1      | Found a faded altar of an unknown god.
   270 | D:1      | Reached XP level 2. HP: 20/20 MP: 0/5
   627 | D:1      | Reached skill level 4 in Air Magic
  1087 | D:1      | Reached XP level 3. HP: 8/26 MP: 0/6
  2425 | D:2      | Reached XP level 4. HP: 33/33 MP: 2/7
  2431 | D:2      | Learned a level 4 spell: Airstrike
  2984 | D:3      | Learned a level 3 spell: Swiftness
  3870 | D:3      | Reached XP level 5. HP: 38/38 MP: 3/9
  4049 | D:3      | Noticed an ogre
  4060 | D:3      | Killed an ogre
  4061 | D:3      | Reached skill level 5 in Air Magic
  4061 | D:3      | Mangled by a wight

Illustrated notes

Levels and vault maps discovered:
D:1:      amcnicky_arrival_flooded_fountain, layout_rooms,
          shapermc_ecumenical_altar_mp_highgroup
D:2:      layout_loops_ring
D:3:      layout_loops_corners, grunt_ministairs_8, minmay_goblin_outpost

Skill      XL: |  1  2  3  4  5 |
---------------+----------------+-----
Air Magic      | 4 5 |  5.7
Conjurations   | 2 |  2.0
Spellcasting   | 3 |  3.0
Dodging        | |  1.7
Stealth        | |  1.7
Unarmed Combat | |  0.5

Action                   |  1- 3 |  4- 6 || total
-------------------------+-------+-------++-------
Melee: Whip              |    16 |       ||    16
       Unarmed           |     5 |       ||     5
       Tailslap          |     1 |       ||     1
       Dagger            |       |     6 ||     6
 Cast: Shock             |    87 |    69 ||   156
  Use: Potion            |     2 |       ||     2
Armor: Skin              |    17 |     5 ||    22
Dodge: Dodged            |    21 |    18 ||    39
